Map: Dusk Towers

Players

LilDicky - Winner!

  • Race: Terran Terran
  • League: Diamond

Shouse

  • Race: Zerg Zerg
  • League: Platinum

VOD

http://www.twitch.tv/tumescentpie

Description

Time

  • Played on: Dec. 13, 2015, 2:59 a.m.
  • Length: 8:48
Show
View Real Time Build Order
Export as new Build Order

LilDicky Terran - Winner!

Build Orders: Liberator Opening, Reaper Expand 

Get SALT Encoding   

  12  0:07  SCV  
  13  0:19  SCV  
  14  0:25  Supply Depot  
  14  0:31  SCV  
  15  0:37  Refinery  
  15  0:47  SCV  
  16  0:51  Barracks  
  16  0:59  SCV  
  17  1:21  SCV  
  18  1:34  SCV  
  19  1:40  Reaper  
  19  1:46  Orbital Command  
  20  1:56  Command Center  
  20  2:12  Marine  
  20  2:13  Refinery  
  21  2:19  Factory  
  21  2:26  SCV  
  22  2:30  Supply Depot  
  22  2:38  Supply Depot  
  22  2:39  Marine  
  23  3:01  SCV  
  24  3:09  Orbital Command  
  24  3:13  SCV  
  25  3:20  Starport  
  25  3:23  Armory  
  25  3:25  SCV  
  26  3:35  Marine  
  26  3:37  SCV  
  28  3:46  SCV, Liberator  
  28  3:47  Refinery  
  29  3:49  SCV  
  29  3:50  Factory Tech Lab  
  31  4:00  Marine  
  34  4:11  Supply Depot  
  34  4:15  Thor  
  40  4:18  Marine  
  40  4:20  SCV  
  42  4:29  SCV  
  43  4:32  SCV  
  43  4:36  Marine  
  45  4:39  Liberator  
  45  4:50  Supply Depot  
  48  5:00  Thor  
  54  5:12  Marine  
  54  5:13  SCV  
  56  5:18  SCV  
  57  5:25  Supply Depot  
  57  5:28  SCV  
  58  5:30  Marine  
  58  5:31  SCV  
  60  5:40  SCV  
  61  5:43  SCV  
  61  5:46  Thor  
  61  5:48  Marine  
  69  5:55  SCV  
  70  7:47  Liberator  
  70  7:57  Supply Depot  
  70  7:59  Supply Depot  
  70  8:02  Supply Depot  
  70  8:04  Marine  
  70  8:16  Supply Depot  
Show
View Real Time Build Order
Export as new Build Order

Shouse Zerg 

Build Orders: Hatch First 

Get SALT Encoding   

  12  0:02  Drone  
  13  0:12  Overlord  
  13  0:17  Drone  
  14  0:35  Drone x3  
  17  0:51  Drone  
  18  1:08  Drone x2  
  18  1:09  Hatchery  
  19  1:20  Drone  
  20  1:30  Drone  
  21  1:43  Drone  
  22  1:55  Spawning Pool  
  21  2:06  Hatchery  
  21  2:08  Extractor  
  19  2:22  Drone x4  
  23  2:33  Drone x2  
  25  2:46  Queen  
  25  2:50  Spine Crawler, Queen  
  28  2:53  Spine Crawler  
  27  3:02  Roach Warren  
  27  3:04  Overlord  
  26  3:07  Drone  
  26  3:08  Drone  
  26  3:12  Extractor  
  27  3:20  Queen  
  27  3:25  Drone x4  
  27  3:26  Drone x2  
  35  3:46  Roach  
  35  3:47  Roach x2  
  41  4:06  Drone  
  41  4:09  Overlord x3  
  42  4:23  Lair, Evolution Chamber  
  41  4:24  Evolution Chamber, Queen  
  41  4:27  Queen  
  41  4:29  Spore Crawler  
  43  4:32  Spore Crawler  
  42  4:48  Spore Crawler  
  42  4:49  Zergling x2  
  42  4:51  Zergling x2  
  42  4:52  Zergling x2  
  44  4:53  Drone x8  
  52  5:11  Drone  
  52  5:12  Drone x4  
  57  5:35  Extractor x2  
  56  5:39  Drone x4  
  56  5:40  Drone x7  
  65  5:56  Overlord x4  
Tags
 
Add a new tag
Caveats
  • Supply blocks, unpowered buildings, or Contaminate may cause inaccurate times.
  • Supply counts are checked every 10 seconds.